 Dungeon Crawl Stone Soup version 0.31-a0-1074-g0b22e4e0f1 (webtiles) character file.

Game seed: 14812326485822040517

297 dprevitalli the Ducker (level 6, -2/45 HPs)
             Began as a Djinni Fire Elementalist on Nov 30, 2023.
             Slain by Blork the orc
             ... wielding a +0 dire flail
              (14 damage)
             ... on level 3 of the Dungeon on Dec 1, 2023.
             The game lasted 00:30:01 (3801 turns).

dprevitalli the Ducker (Djinni Fire Elementalist)   Turns: 3801, Time: 00:30:02

Health: -2/45      AC:  2    Str:  7    XL:     6   Next: 62%
Gold:   246        EV: 19    Int: 18    God:
                   SH:  0    Dex: 14

rFire   + + .        e - +0 short sword (protect)
rCold   x . .        (no shield)
rNeg    . . .        p - +0 robe
rPois   ∞            (no helmet)
rElec   .            (no cloak)
rCorr   .            (no gloves)
SInv    .            (boots unavailable)
Will    .....        (no amulet)
Stlth   ++           c - +5 ring of evasion
HPRegen 0.27/turn    f - ring of wizardry
MPRegen 0.00/turn

%: wizardry (x1), infuse magic (-3 HP)
@: flying
A: sickness immunity, fire resistance 2, cold vulnerability 1, float, innate
caster, HP casting, extra vitality 1
a: no special abilities


You were on level 3 of the Dungeon.
You visited 1 branch of the dungeon, and saw 5 of its levels.

You collected 246 gold pieces.

Inventory:

Hand Weapons
 e - a +0 short sword of protection (weapon)
Armour
 p - a +0 robe (worn)
Jewellery
 c - a +5 ring of evasion (left hand)
 f - a ring of wizardry (right hand)
 l - a ring of protection from cold
 m - a ring of see invisible
Wands
 k - a wand of flame (4)
Scrolls
 g - a scroll of blinking {unknown}
 h - 4 scrolls of teleportation {unknown}
 j - 3 scrolls of identify {unknown}
Potions
 a - 3 potions of enlightenment {unknown}
 b - a potion of mutation {unknown}
 d - 2 potions of cancellation {unknown}
 i - a potion of brilliance {unknown}
 n - a potion of heal wounds {unknown}
 o - a potion of curing
 q - 2 potions of haste {unknown}


   Skills:
 + Level 2.8 Fighting
 + Level 4.7 Dodging
 - Level 1.5 Stealth
 + Level 4.0 Spellcasting
 + Level 4.0 Conjurations
 + Level 4.0 Hexes
   Level 0.0 Charms
 + Level 4.0 Summonings
 + Level 4.0 Necromancy
 + Level 4.0 Translocations
 + Level 4.0 Transmutations
 + Level 4.0 Fire Magic
 + Level 4.0 Ice Magic
 + Level 4.0 Air Magic
 + Level 4.0 Earth Magic
 + Level 4.0 Poison Magic


You knew the following spells:

 Your Spells              Type           Power      Damage    Failure   Level
a - Foxfire               Conj/Fire      72%        2x1d7     1%          1
b - Scorch                Fire           36%        2d6       1%          2
c - Volatile Blastmotes   Fire/Tloc      36%        2d13      3%          3
d - Inner Flame           Hex/Fire       18%        N/A       3%          3
e - Flame Wave            Conj/Fire      18%        2d7       12%         4
f - Necrotise             Necr           72%        1d7       1%          1
g - Passwall              Tmut/Erth      15%        N/A       1%          2
Your spell library was empty.

Dungeon Overview and Level Annotations

Branches:
Dungeon (5/15)
 Temple: D:4-7

Altars:
Dithmenos
Yredelemnul

Shops:
D:1 ?!:

Annotations:
D:3 Blork the orc


Innate Abilities, Weirdness & Mutations

You are immune to sickness and miasma.
You are immune to poison.
Your flesh is very heat resistant. (rF++)
You are vulnerable to cold. (rC-)
You float through the air rather than walking.
You learn spells naturally, not from books.
Your magical power is your life essence.
You have superior vitality. (+4 MHP)


Message History

Blork the orc casts a spell at you. The magic dart hits you.
Casting: Foxfire (safe; 1% risk of failure)
Confirm with . or Enter, or press ? or * to list all spells.
You conjure some foxfire!
The foxfire hits Blork the orc.
Blork the orc is lightly wounded.
The foxfire hits Blork the orc.
Blork the orc is moderately wounded.
Blork the orc hits you with a +0 dire flail.
The foxfire hits Blork the orc but does no damage.
Blork the orc is moderately wounded.
The foxfire hits Blork the orc!
Blork the orc is heavily wounded.
Blork the orc casts a spell at you. The magic dart hits you!
Blork the orc completely misses you.
You fly upwards.
There is a stone staircase leading down here.
Casting: Foxfire (safe; 1% risk of failure)
Confirm with . or Enter, or press ? or * to list all spells.
You conjure some foxfire!
Blork the orc hits you with a +0 dire flail.
The foxfire hits Blork the orc.
Blork the orc is heavily wounded.
The foxfire hits Blork the orc.
Blork the orc is severely wounded.
Blork the orc attacks as he pursues you!
Blork the orc completely misses you.
Blork the orc hits you with a +0 dire flail!
* * * LOW HITPOINT WARNING * * *
Unknown command.
Casting: Foxfire (safe; 1% risk of failure)
Confirm with . or Enter, or press ? or * to list all spells.
You conjure some foxfire!
* * * LOW HITPOINT WARNING * * *
Blork the orc barely misses you.
Your foxfire dissipates!
The foxfire hits Blork the orc.
Blork the orc is severely wounded.
Blork the orc hits you with a +0 dire flail!
You die...

#################################
#...............................#
..############################>##
### #.# ##.# ##### ##..#
#####################...####..##
....[...........§..............#
..............>o@†............##
###########...................#
#######.....##................#
...............#...#..........#
#######..#.).....###..........# #
#..##......####..........#
######..##.####..............##
##.....#..<........#.........##
..[.<.....).#########.........#


You could see Blork the orc (fast).

Vanquished Creatures
  A water moccasin (D:3)
  An orc priest (D:3)
  An orc wizard (D:2)
  5 adders
  A worm (D:2)
  6 dart slugs
  6 orcs
  2 bats (D:1)
  10 endoplasms
  7 goblins
  8 hobgoblins
  6 kobolds
  4 quokkas
  9 ball pythons
  5 frilled lizards
  8 rats
80 creatures vanquished.

Vanquished Creatures (others)
  213 foxfires
213 creatures vanquished.

Grand Total: 293 creatures vanquished

Notes
Turn   | Place    | Note
-------+----------+-------------------------------------------
     0 | D:1      | dprevitalli the Djinni Fire Elementalist began the quest
                  | for the Orb.
     0 | D:1      | dprevitalli set off with the following spells memorised:
                  | Foxfire, Scorch, Volatile Blastmotes, Inner Flame, Flame
                  | Wave.
     0 | D:1      | Reached XP level 1. HP: 15/15 MP: 0/0
   101 | D:1      | Reached XP level 2. HP: 19/21 MP: 0/0
   119 | D:1      | Found Yraumil's Distillery.
   305 | D:1      | Found Petorum's Book Boutique.
   514 | D:1      | Reached XP level 3. HP: 24/25 MP: 0/0
   514 | D:1      | Learned a level 1 spell: Necrotise
   708 | D:1      | Found Ban Zanupn's Magic Scroll Shoppe.
  1262 | D:2      | Reached XP level 4. HP: 28/31 MP: 0/0
  1631 | D:2      | Found a basalt altar of Yredelemnul.
  1967 | D:2      | Found a faded altar of an unknown god.
  2552 | D:2      | Reached skill level 1 in Fighting
  2647 | D:2      | Reached XP level 5. HP: 31/37 MP: 0/0
  2647 | D:2      | Learned a level 2 spell: Passwall
  2877 | D:3      | Found a shadowy altar of Dithmenos.
  3074 | D:3      | You are sucked into a shaft and drop 2 floors!
  3074 | D:5      | Entered Level 5 of the Dungeon
  3382 | D:4      | Noticed a water moccasin
  3386 | D:4      | Noticed Blork the orc
  3402 | D:3      | Killed a water moccasin
  3403 | D:3      | Reached XP level 6. HP: 7/45 MP: 0/0
  3801 | D:3      | Slain by Blork the orc

Illustrated notes

Levels and vault maps discovered:
D:1:      dpeg_arrival_signposts, layout_loops_ring, serial_shops, shop,
          nicolae_shop_gibbet_a_chance, shop
D:2:      layout_basic, basic_ecumenical_altar, corexii_item_surrounded_by_moat,
          corner_web_ring, minmay_hexomino_r4
D:3:      layout_rooms, lemuel_tele_altar, nrook_loot_triangle
D:4:      layout_layer_cave, minmay_misc_feat_ornament, uniq_blork_the_orc,
          uniq_natasha
D:5:      layout_loops_ring, lemuel_crystal_altar, kennysheep_generic_room_6

Skill      XL: |  1  2  3  4  5  6 |
---------------+-------------------+-----
Spellcasting   | 4 |  4.0
Conjurations   | 4 |  4.0
Hexes          | 4 |  4.0
Summonings     | 4 |  4.0
Necromancy     | 4 |  4.0
Translocations | 4 |  4.0
Transmutations | 4 |  4.0
Fire Magic     | 4 |  4.0
Ice Magic      | 4 |  4.0
Air Magic      | 4 |  4.0
Earth Magic    | 4 |  4.0
Poison Magic   | 4 |  4.0
Dodging        | 3 4 |  4.7
Fighting       | 1 2 |  2.8
Stealth        | |  1.5

Action                     |  1- 3 |  4- 6 || total
---------------------------+-------+-------++-------
  Melee: Short sword       |     1 |     1 ||     2
   Cast: Foxfire           |    53 |    95 ||   148
         Scorch            |     6 |     2 ||     8
         Necrotise         |     2 |    12 ||    14
         Volatile Blastmot |     1 |     1 ||     2
  Evoke: Wand              |       |     6 ||     6
    Use: Potion            |       |     1 ||     1
 Armour: Robe              |    16 |    26 ||    42
  Dodge: Dodged            |    16 |    51 ||    67

Table legend: (Time is in decaauts)
 A = Elapsed time spent in this place.
 B = Non-inter-level travel time spent in this place.
 C = Inter-level travel time spent in this place.
 D = Time resting spent in this place.
 E = Time spent auto-exploring this place.
 F = Levels seen in this place.
 G = Mean time per level.
                   A        B        C        D        E       F      G
               +--------+--------+--------+--------+--------+-----+--------+
         Total |   3805 |   3263 |    542 |    408 |   2103 |   5 |  761.0 |
       Dungeon |   3805 |   3263 |    542 |    408 |   2103 |   5 |  761.0 |
               +--------+--------+--------+--------+--------+-----+--------+

Top non-repeatable levels by time:
     D:1: 1375 daAuts
     D:2: 1294 daAuts
     D:3: 811 daAuts
     D:4: 169 daAuts
     D:5: 154 daAuts
